 Dungeon Crawl Stone Soup version 0.30-a0-918-g0ff054e9dc (webtiles) character file.

Game seed: 6563751154849118671

25 mopl the Vexing (level 2, -1/15 HPs)
             Began as a Deep Elf Enchanter on Mar 20, 2023.
             Slain by a rat (3 damage)
             ... on level 2 of the Dungeon.
             The game lasted 00:01:08 (850 turns).

mopl the Vexing (Deep Elf Enchanter)                 Turns: 850, Time: 00:01:08

Health: -1/15      AC:  3    Str:  5    XL:     2   Next: 86%
Magic:  8/8        EV: 12    Int: 19    God:
Gold:   55         SH:  0    Dex: 15    Spells: 6/8 levels left

rFire   . . .      SeeInvis .    b - +1 short sword (drain)
rCold   . . .      Faith    .    (no shield)
rNeg    . . .      Spirit   .    e - +0 robe
rPois   .          Reflect  .    (no helmet)
rElec   .          Rampage  .    (no cloak)
rCorr   .                        (no gloves)
Will    .....                    j - +0 pair of boots
Stlth   +++                      (no amulet)
HPRegen 0.22/turn                (no ring)
MPRegen 0.11/turn                (no ring)

@: no status effects
A: no striking features
a: no special abilities


You were on level 2 of the Dungeon.
You visited 1 branch of the dungeon, and saw 2 of its levels.

You collected 55 gold pieces.

Inventory:

Hand Weapons
 a - a +1 dagger
 b - a +1 short sword of draining (weapon)
Armour
 e - a +0 robe (worn)
 j - a +0 pair of boots (worn)
Magical Staves
 h - a staff of fire
Scrolls
 f - 2 scrolls of identify {unknown}
 k - a scroll of poison {unknown}
Potions
 c - 2 potions of invisibility
 d - a potion of heal wounds {unknown}
 g - a potion of curing {unknown}
 i - a potion of lignification {unknown}


   Skills:
 + Level 1.6 Short Blades
 - Level 2.4 Dodging
 + Level 4.0 Stealth
 + Level 3.5 Spellcasting
 + Level 4.4 Hexes


You had 6 spell levels left.
You knew the following spells:

 Your Spells              Type           Power      Damage    Failure   Level
b - Ensorcelled Hibernat  Hex/Ice        22%        N/A       9%          2

Your spell library contained the following spells:

 Spells                   Type           Power      Damage    Failure   Level
 Confusing Touch          Hex            20%        N/A       7%          3
 Tukima's Dance           Hex            20%        N/A       7%          3
 Dazzling Flash           Conj/Hex       22%        N/A       17%         3


Dungeon Overview and Level Annotations

Branches:
Dungeon (2/15)

Altars:

Annotations:
D:2 Terence


Message History

You open the door.
There is an open door here.
You now have 55 gold pieces (gained 8).
A ball python comes into view.
Found a scroll labelled DAEQICW NEQEW.
The helpless ball python fails to defend itself.
You puncture the ball python!
You kill the ball python!
k - a scroll labelled DAEQICW NEQEW
There is an open door here.
You enter the shallow water.
Moving in this stuff is going to be slow.
You see here 5 stones.
Partly explored, can't reach some places.
Partly explored, can't reach some places.
(D) Dungeon
Where to? (? - help)
What level of the Dungeon? (default 1, ? - help)
There is a stone staircase leading down here.
You climb downwards.
Found a falchion and a glowing hand axe.
Found an escape hatch in the floor and an escape hatch in the ceiling.
There is a stone staircase leading up here.
There are monsters nearby!
The helpless Terence fails to defend himself.
You puncture Terence!
Terence is heavily wounded.
You hit Terence but do no damage.
Terence is heavily wounded.
Terence closely misses you. Terence attacks as you move away!
Terence hits you with a +0 flail!
Ouch! That really hurt!
* * * LOW HITPOINT WARNING * * *
The endoplasm quivers.
There is a stone staircase leading up here.
Terence attacks as you move away! Terence hits you with a +0 flail.
* * * LOW HITPOINT WARNING * * *
You are too injured to fight recklessly!
The rat attacks as you move away! The rat bites you.
You die...

###+###### ###
#......... #..
#........# +.<.
+........
#...##......###
+.)............
#@r.)..>...
#####+#@#####.
........#
....J...#
........#
........#
..#.♣♣..# # #.
♣..# # ..##


You could see Terence and a rat.

Vanquished Creatures
  5 endoplasms (D:1)
  A giant cockroach (D:1)
  3 goblins (D:1)
  3 hobgoblins (D:1)
  2 kobolds (D:1)
  A quokka (D:1)
  3 ball pythons (D:1)
  A bat (D:1)
  2 rats (D:1)
21 creatures vanquished.

Notes
Turn   | Place    | Note
-------+----------+-------------------------------------------
     0 | D:1      | mopl the Deep Elf Enchanter began the quest for the Orb.
     0 | D:1      | Reached XP level 1. HP: 10/10 MP: 6/6
   199 | D:1      | Reached XP level 2. HP: 11/15 MP: 8/8
   256 | D:1      | Learned a level 2 spell: Ensorcelled Hibernation
   351 | D:1      | Reached skill level 4 in Stealth
   843 | D:2      | Noticed Terence
   850 | D:2      | Slain by a rat

Illustrated notes

Levels and vault maps discovered:
D:1:      enne_arrival_octagon_isle, layout_basic, nrook_campfire
D:2:      layout_basic, chequers_mini_garden, minmay_pentomino_v2, uniq_terence

Skill      XL: |  1  2 |
---------------+-------+-----
Stealth        | 4 |  4.0
Short Blades   | |  1.6
Dodging        | |  2.4
Spellcasting   | |  3.5
Hexes          | |  4.4

Action                     || total
---------------------------++-------
  Melee: Dagger            ||     9
         Short sword       ||    41
   Stab: Sleeping          ||     7
 Armour: Robe              ||     9
  Dodge: Dodged            ||    22

Table legend: (Time is in decaauts)
 A = Elapsed time spent in this place.
 B = Non-inter-level travel time spent in this place.
 C = Inter-level travel time spent in this place.
 D = Time resting spent in this place.
 E = Time spent auto-exploring this place.
 F = Levels seen in this place.
 G = Mean time per level.
                   A        B        C        D        E       F      G
               +--------+--------+--------+--------+--------+-----+--------+
         Total |    847 |    817 |     30 |     51 |    614 |   2 |  423.5 |
       Dungeon |    847 |    817 |     30 |     51 |    614 |   2 |  423.5 |
               +--------+--------+--------+--------+--------+-----+--------+

Top non-repeatable levels by time:
     D:1: 840 daAuts
     D:2: 6 daAuts
